 Dungeon Crawl Stone Soup version 0.20-a0-3-g334f831 (webtiles) character file.

266 beholder the Charmwright (level 5, -9/41 HPs)
             Began as a Demigod Skald on Oct 30, 2016.
             Mangled by an ogre
             ... wielding a +0 giant club
              (24 damage)
             ... on level 3 of the Dungeon.
             The game lasted 00:19:24 (3334 turns).

beholder the Charmwright (Demigod Skald)            Turns: 3334, Time: 00:19:25

Health: -9/41      AC:  6    Str: 15    XL:     5   Next: 67%
Magic:  7/10       EV: 11    Int: 16    God:
Gold:   140        SH:  0    Dex: 17    Spells: 3 memorised, 1 level left

rFire  . . .     SeeInvis .     a - +0 falchion
rCold  . . .     Gourm    .     b - +1 leather armour
rNeg   . . .     Faith    .     (no shield)
rPois  .         Spirit   .     (no helmet)
rElec  .         Reflect  .     (no cloak)
rCorr  .         Harm     .     (no gloves)
MR     .....                    (no boots)
Stlth  +.........               (no amulet)
                                (no ring)
                                o - +2 ring of protection

@: lethally poisoned (-9 -> -19)
A: high mp 1
a: no special abilities


You were on level 3 of the Dungeon.
You were not hungry.

You visited 1 branch of the dungeon, and saw 4 of its levels.

You collected 140 gold pieces.

Inventory:

Hand Weapons
 a - a +0 falchion (weapon)
 q - a +2 flail of holy wrath
Missiles
 n - 6 needles of confusion
 r - a silver javelin (quivered)
 y - a throwing net
Armour
 b - a +1 leather armour (worn)
 B - a +0 buckler
Jewellery
 o - a +2 ring of protection (left hand)
Scrolls
 e - a scroll of enchant armour
 h - a scroll of amnesia
 j - 2 scrolls of identify {unknown}
 k - a scroll of noise {unknown}
 l - a scroll of enchant weapon {unknown}
 m - a scroll of remove curse {unknown}
 p - a scroll of magic mapping {unknown}
Potions
 f - a potion of heal wounds {unknown}
 i - a potion of berserk rage {unknown}
 s - a potion of resistance {unknown}
 t - a potion of curing {unknown}
 u - a potion of ambrosia {unknown}
 w - a potion of cure mutation {unknown}
 A - a potion of brilliance {unknown}
Books
 c - a book of Battle

   Spells                             Type                      Level
   a - Infusion                       Charms                       1
   b - Shroud of Golubria             Charms/Translocation         2
   c - Song of Slaying                Charms                       2
   d - Spectral Weapon                Hexes/Charms                 3
   e - Regeneration                   Charms/Necromancy            3
Comestibles
 d - 5 bread rations
 g - 2 fruits
 x - a slice of pizza
 z - a beef jerky


   Skills:
 - Level 1.7 Fighting
 + Level 3.1 Long Blades
 - Level 0.8 Armour
 - Level 0.8 Dodging
 - Level 2.0 Spellcasting
 - Level 2.3 Hexes
 - Level 4.0 Charms
 - Level 2.1 Necromancy


You had one spell level left.
You knew the following spells:

 Your Spells              Type           Power        Failure   Level  Hunger
a - Infusion              Chrm           ##..         6%          1    #......
r - Regeneration          Chrm/Necr      ##........   21%         3    ###....
w - Spectral Weapon       Hex/Chrm       ##......     21%         3    ###....


Dungeon Overview and Level Annotations

Branches:
Dungeon (4/15)             Temple (0/1) D:4

Annotations:
D:4 Dowan, Duvessa


Innate Abilities, Weirdness & Mutations

You have an increased reservoir of magic. (+10% MP)


Message History

The ogre shouts!
You feel very sick.
There is a stone staircase leading down here.
You take 4 damage, and have 22/41 hp.
You feel sick.
You take 1 damage, and have 21/41 hp.
A goblin comes into view.
You feel sick.
You take 2 damage, and have 19/41 hp.
You feel sick.
You take 1 damage, and have 18/41 hp.
You hit the goblin but do no damage.
You feel sick. The goblin barely misses you.
You take 1 damage, and have 17/41 hp.
You closely miss the goblin.
You feel sick. The goblin closely misses you.
You take 1 damage, and have 16/41 hp.
You barely miss the goblin.
You feel sick. The ogre hits you with a giant club!!
Ouch! That really hurt!
You die...

###### #### #....# #...
#....# ###############...
#....######.O.>.............
#.........#@##.#.########...
#.........#g##..............
#.....##..#.##O#.########...
#.....#...#.##.#.########...
#.....#..##.##...#...#......
#.....#...#.######.#.#.###.#
###.#.#####.# #.#<#.#....
#.#.#.....# #.###.#....
#...#.##########..........


You could see an ogre and a goblin.

Vanquished Creatures
  A scorpion (D:4)
  A worker ant (D:4)
  4 gnolls (D:3)
  4 adders
  An ooze (D:3)
  An adder skeleton (D:4)
  A worm (D:3)
  3 dart slugs
  4 leopard geckos
  4 orcs
  3 giant cockroaches (D:1)
  12 goblins
  6 hobgoblins
  8 jackals
  3 quokkas (D:3)
  3 ball pythons
  8 bats
  4 frilled lizards
  15 kobolds
  11 rats
97 creatures vanquished.

Notes
Turn   | Place    | Note
-------+----------+-------------------------------------------
     0 | D:1      | beholder the Demigod Skald began the quest for the Orb.
     0 | D:1      | Reached XP level 1. HP: 17/17 MP: 5/5
   122 | D:1      | Reached skill level 3 in Charms
   161 | D:1      | Reached XP level 2. HP: 21/24 MP: 7/7
   626 | D:1      | Reached XP level 3. HP: 29/29 MP: 8/8
   685 | D:1      | Learned a level 3 spell: Regeneration
   889 | D:2      | Reached skill level 4 in Charms
  1029 | D:2      | Found an opulent altar of Gozag.
  1384 | D:2      | Reached skill level 1 in Necromancy
  2021 | D:3      | Reached XP level 4. HP: 35/36 MP: 5/9
  2026 | D:3      | Learned a level 3 spell: Spectral Weapon
  2397 | D:3      | Reached skill level 1 in Hexes
  2753 | D:3      | Reached XP level 5. HP: 22/41 MP: 8/10
  3069 | D:4      | Found a staircase to the Ecumenical Temple.
  3316 | D:4      | Noticed Dowan
  3326 | D:4      | Noticed Duvessa
  3328 | D:3      | Noticed an ogre
  3334 | D:3      | Mangled by an ogre

Vault maps used:
D:1:      kennysheep_arrival_forest, grunt_decor_cap, grunt_decor_mini_mirrors
D:2:      nicolae_gozag_seed_capital, first_bread
D:4:      uniq_menkaure, uniq_duvessa

Skill      XL: |  1  2  3  4  5 |
---------------+----------------+-----
Spellcasting   | 2 |  2.0
Charms         | 3 4 |  4.0
Necromancy     | 1 2 |  2.1
Hexes          | 2 |  2.3
Long Blades    | 3 |  3.1
Fighting       | |  1.7
Armour         | |  0.8
Dodging        | |  0.8

Action                   |  1- 3 |  4- 6 || total
-------------------------+-------+-------++-------
Melee: Falchion          |   164 |   116 ||   280
       Flail             |     5 |       ||     5
Throw: Javelin           |       |     1 ||     1
 Cast: Infusion          |     8 |     7 ||    15
       Regeneration      |     1 |       ||     1
       Spectral Weapon   |       |     1 ||     1
  Use: Scroll            |       |     3 ||     3
 Stab: Sleeping          |     1 |     2 ||     3
  Eat: Chunk             |     4 |     5 ||     9
Armor: Leather armour    |    54 |    33 ||    87
Dodge: Dodged            |   124 |    70 ||   194
       Rpst.: Falchion   |    35 |    27 ||    62
